 Dungeon Crawl Stone Soup version 0.27-a0-1191-g601b473118 (webtiles) character file.

Game seed: 1760580531398551145

76 sizableburger the Skirmisher (level 4, -2/37 HPs)
             Began as a Mummy Chaos Knight on May 23, 2021.
             Slain by a gnoll
             ... wielding a +0 flail
              (4 damage)
             ... on level 5 of the Dungeon.
             The game lasted 00:04:10 (1455 turns).

sizableburger the Skirmisher (Mummy Chaos Knight)   Turns: 1455, Time: 00:04:11

Health: -2/37      AC:  5    Str: 15    XL:     4   Next: 12%
Magic:  4/4        EV: 15    Int: 12    God:
Gold:   59         SH:  0    Dex: 11    Spells: 3/3 levels left

rFire    x . .     SeeInvis .   a - +0 spear (chaos)
rCold    + . .     Faith    .   (no shield)
rNeg     + + +     Spirit   .   b - +2 leather armour
rPois    ∞         Reflect  .   (no helmet)
rElec    .         Harm     .   (no cloak)
rCorr    .         Rampage  .   (no gloves)
Will     .....                  (no boots)
Stlth    +.........             (no amulet)
HPRegen  0.12/turn              d - +4 ring of evasion
MPRegen  0.09/turn              (no ring)

@: no status effects
A: cold resistance 1, negative energy resistance 3, torment resistance 2, heat
vulnerability 1, no potions
a: no special abilities


You were on level 5 of the Dungeon.
You visited 1 branch of the dungeon, and saw 4 of its levels.

You collected 59 gold pieces.

Inventory:

Hand Weapons
 a - a +0 spear of chaos (weapon)
 e - a +1 dagger of venom
Armour
 b - a +2 leather armour (worn)
Jewellery
 d - a +4 ring of evasion (left hand)
Wands
 c - a wand of iceblast (10)
 f - a wand of polymorph (4)


   Skills:
 + Level 4.1 Fighting
 + Level 3.3 Polearms
 - Level 1.5 Armour
 - Level 0.7 Dodging


You had 3 spell levels left.
You didn't know any spells.
Your spell library was empty.

Dungeon Overview and Level Annotations

Branches:
Dungeon (3/15)

Altars:

Annotations:
D:2 Sigmund


Innate Abilities, Weirdness & Mutations

You are immune to poison.
Your flesh is cold resistant. (rC+)
You are immune to negative energy. (rN+++)
You are immune to unholy pain and torment.
You are vulnerable to heat. (rF-)
You do not drink.


Message History

The gnoll is moderately wounded.
The gnoll barely misses you. The gnoll closely misses you.
The gnoll hits you with a +0 club.
You completely miss the gnoll.
The gnoll is moderately wounded.
The gnoll closely misses you. The gnoll barely misses you.
The gnoll hits you with a +0 club.
You hit the gnoll but do no damage.
The gnoll is moderately wounded.
The gnoll barely misses you. The gnoll hits you with a +0 flail.
You closely miss the gnoll.
The gnoll is moderately wounded.
The gnoll hits you with a +0 club. The gnoll barely misses you.
The gnoll misses you.
You closely miss the gnoll.
The gnoll is moderately wounded.
The gnoll hits you with a +0 club. The gnoll closely misses you.
The gnoll misses you.
You hit the gnoll.
You feel better.
The gnoll is severely wounded.
The gnoll hits you with a +0 club. The gnoll closely misses you.
The gnoll barely misses you.
You barely miss the gnoll.
The gnoll is severely wounded.
The gnoll hits you with a +0 club.
* * * LOW HITPOINT WARNING * * *
The gnoll completely misses you.
You closely miss the gnoll.
The gnoll is severely wounded.
The gnoll closely misses you. x2
You completely miss the gnoll.
The gnoll is severely wounded.
The gnoll hits you from afar with a +0 spear.
* * * LOW HITPOINT WARNING * * *
The gnoll closely misses you. The gnoll hits you with a +0 club.
* * * LOW HITPOINT WARNING * * *
You hit the gnoll but do no damage.
The gnoll is severely wounded.
The gnoll barely misses you. The gnoll hits you with a +0 flail.
You die... ... ≈≈ ≈≈ ##### ...# gg#

#g# #@# #g#
#g############
#oo..g.'o.....
#g'..g.'.....g
#.######......
#.# ..... #.#
#### #+#


You could see 6 gnolls and 2 orcs.

Vanquished Creatures
  A centaur zombie (D:5)
  A hound skeleton (D:2)
  An adder (D:3)
  5 bats
  An endoplasm (D:1)
  A giant cockroach (D:1)
  4 goblins
  2 hobgoblins (D:1)
  A quokka (D:3)
  4 kobolds (D:1)
  2 rats
23 creatures vanquished.

Notes
Turn   | Place    | Note
-------+----------+-------------------------------------------
     0 | D:1      | sizableburger the Mummy Chaos Knight began the quest for
                  | the Orb.
     0 | D:1      | Reached XP level 1. HP: 18/18 MP: 1/1
     0 | D:1      | Fell from the grace of Xom
    84 | D:1      | Reached XP level 2. HP: 6/24 MP: 2/2
   168 | D:1      | XOM: 1-stop teleportation journey
   257 | D:1      | XOM: 4-stop teleportation journey
   333 | D:1      | XOM: god gift: glowing robe {god gift}
   454 | D:1      | XOM: god gift: wand of iceblast (10)
   799 | D:2      | Reached XP level 3. HP: 29/29 MP: 3/3
   847 | D:2      | Noticed Sigmund
   884 | D:2      | Found a faded altar of an unknown god.
  1242 | D:3      | XOM: summons 4 hostile shadow creatures
  1281 | D:3      | You fall into a shaft and drop 2 floors!
  1281 | D:5      | Entered Level 5 of the Dungeon
  1302 | D:5      | Reached skill level 4 in Fighting
  1302 | D:5      | Reached XP level 4. HP: 21/37 MP: 4/4
  1455 | D:5      | Slain by a gnoll

Illustrated notes

Levels and vault maps discovered:
D:1:      ncdulo_halloftheorcs, layout_rooms
D:2:      layout_basic, basic_altar, ebering_ecumenical_altar_abandoned,
          minmay_fractal_squares_5, uniq_sigmund, uniq_crazy_yiuf_cottage
D:3:      minmay_spotlight, layout_basic,
          nicolae_gozag_cash_rules_everything_around_me, minivault_26,
          uniq_grinder
D:5:      lemuel_castle_with_subvaults [lemuel_castle_interior_original],
          layout_basic, lemuel_doored_altar, amcnicky_altar_gilded,
          enter_ossuary_5, uniq_menkaure

Skill      XL: |  1  2  3 |
---------------+----------+-----
Polearms       | 3 |  3.3
Fighting       | 4 |  4.1
Armour         | |  1.5
Dodging        | |  0.7

Action                   |  1- 3 |  4- 6 || total
-------------------------+-------+-------++-------
Melee: Spear             |    91 |    13 ||   104
       Dagger            |    10 |       ||    10
Invok: Renounce Religion |     1 |       ||     1
  Use: Scroll            |     1 |     1 ||     2
Armor: Leather armour    |    46 |     4 ||    50
Dodge: Dodged            |    91 |    20 ||   111

Table legend: (Time is in decaauts)
 A = Elapsed time spent in this place.
 B = Non-inter-level travel time spent in this place.
 C = Inter-level travel time spent in this place.
 D = Time resting spent in this place.
 E = Time spent auto-exploring this place.
 F = Levels seen in this place.
 G = Mean time per level.
                   A        B        C        D        E       F      G
               +--------+--------+--------+--------+--------+-----+--------+
         Total |   1448 |   1418 |     30 |    512 |    625 |   4 |  362.0 |
       Dungeon |   1448 |   1418 |     30 |    512 |    625 |   4 |  362.0 |
               +--------+--------+--------+--------+--------+-----+--------+

Top non-repeatable levels by time:
     D:1: 725 daAuts
     D:3: 389 daAuts
     D:5: 172 daAuts
     D:2: 160 daAuts
